 Dungeon Crawl Stone Soup version 0.15.0-23-gc2b521c (webtiles) character file.

4301 Patate the Protected (level 10, -3/90 HPs)
             Began as a Minotaur Berserker on Sept 8, 2014.
             Was an Elder of Trog.
             Slain by a cyclops (shapeshifter) (11 damage)
             ... on Level 8 of the Dungeon on Sept 9, 2014.
             The game lasted 00:33:28 (7536 turns).

Patate the Protected (Minotaur Berserker)           Turns: 7536, Time: 00:33:30

HP  -3/90        AC 18     Str 26      XL: 10   Next: 11%
MP   4/4         EV  6     Int  4      God: Trog [****..]
Gold 410         SH 12     Dex  9      Spells:  0 memorised,  9 levels left

rFire  . . .     SeeInvis .     b - +0 war axe
rCold  . . .     Clarity  .     o - +0 plate armour
rNeg   . . .     rCorr    .     n - +0 shield (curse)
rPois  .         rRot     .     (helmet restricted)
rElec  .         Spirit   .     a - +2 cloak
SustAb .         Warding  .     (no gloves)
rMut   .         Stasis   .     (no boots)
Gourm  .                        (no amulet)
MR     .....                    (no ring)
                                (no ring)

@: hasted, very quick, not resistant to hostile enchantments, extremely
unstealthy
A: retaliatory headbutt, horns 2
a: Burn Spellbooks, Berserk, Trog's Hand, Brothers in Arms, Renounce Religion


You were on level 8 of the Dungeon.
You worshipped Trog.
Trog was greatly pleased with you.
You were hungry.

You visited 2 branches of the dungeon, and saw 9 of its levels.

You collected 410 gold pieces.

Inventory:

Hand weapons
 b - a +0 war axe (weapon)
Armour
 a - a +2 cloak (worn)
 n - a cursed +0 shield (worn)
 o - a +0 plate armour (worn)
Magical devices
 D - a wand of heal wounds (4) {unknown}
 F - a wand of frost (12) {unknown}
Comestibles
 c - 10 bread rations
 d - 8 beef jerkies
 f - a meat ration
Scrolls
 e - 3 scrolls of remove curse {unknown}
 g - 3 scrolls of magic mapping {unknown}
 h - a scroll of fear {unknown}
 i - a scroll of fog {unknown}
 j - 6 scrolls of teleportation {unknown}
 k - a scroll of enchant weapon {unknown}
 l - 5 scrolls of identify {unknown}
 m - 3 scrolls of blinking {unknown}
 q - 3 scrolls of recharging {unknown}
 r - a scroll of immolation {unknown}
 u - 2 scrolls of enchant armour {unknown}
 A - a scroll of noise {unknown}
 B - a scroll of holy word {unknown}
 E - a scroll of amnesia {unknown}
Jewellery
 s - an uncursed ring of see invisible {unknown}
 t - an uncursed ring of stealth {unknown}
 w - a +4 ring of dexterity {unknown}
 x - a +6 ring of slaying {unknown}
 y - a cursed ring of teleportation {unknown}
Potions
 p - 2 potions of haste
 z - a potion of resistance
 C - a potion of brilliance {unknown}
 G - a potion of agility {unknown}
 H - a potion of flight {unknown}


   Skills:
 * Level 8.7 Fighting
 + Level 6.6 Axes
 - Level 10.9 Armour
 - Level 2.1 Dodging
 - Level 10.0 Shields


You had 9 spell levels left.
You didn't know any spells.

Dungeon Overview and Level Annotations

Branches:
Dungeon (8/15)             Temple (1/1) D:5
   Lair: D:8-11

Altars:
Ashenzari
Dithmenos
Elyvilon
Fedhas
Kikubaaqudgha
Makhleb
Nemelex Xobeh
Qazlal
Sif Muna
Trog
Vehumet
Xom
Yredelemnul
Zin
The Shining One

Annotations:
D:7 exclusion: ice statue


Innate Abilities, Weirdness & Mutations

You reflexively headbutt those who attack you in melee.
You have a pair of horns on your head.


Message History

You can't do that.
Use which ability? (? or * to list)
Your ogre goes berserk!
You feel somewhat more hungry.
The vampire mosquito bites you but does no damage.
The vampire mosquito barely misses you. The vampire mosquito bites you.
The vampire mosquito draws strength from your injuries!
The cyclops hits you!
* * * LOW HITPOINT WARNING * * *
You block the vampire mosquito's attack.
Huge Dmg: -23%(-21hp) hp: 14%(12hp) Drink which item? (? for menu, Esc to quit)
You feel yourself speed up. The vampire mosquito bites you.
* * * LOW HITPOINT WARNING * * *
The vampire mosquito draws strength from your injuries!
Your ogre closely misses the vampire mosquito.
The vampire mosquito bites you but does no damage.
The cyclops hits you!
You die...

#..................(#
#.#################.#
. #.# #.# #.#
##.############ #.#
.....##..............
#.###
....................#
#...#
..........[#8).8#...#
###.#
##.#.###..##....##
#.# .... #.##...y@.#
#.# #.# #.###.$CO##
#.# ..# ##.### #.#
...#⌠......⌠ #.#
.##.#.._.._..# #.# #
#. #.#⌠......⌠# #.# #
..#.[......# #.#
..'########+ #.# ...
#.##


You could see a cyclops shaped shifter, a vampire mosquito and a friendly ogre
(berserk).

Vanquished Creatures
  A centaur warrior (D:8)
  Grinder (D:3)
  A two-headed ogre (D:7)
  Eustachio (D:6)
  A vampire mosquito (D:8)
  An orc warrior (D:8)
  3 ice beasts (D:7)
  2 centaurs
  4 ogres
  3 phantoms
  Duvessa (D:8)
  5 giant frogs
  A wyvern zombie (D:7)
  A scorpion (D:8)
  5 wights (D:8)
  2 crimson imps
  A goliath beetle (D:7)
  A hound (D:8)
  Dowan (D:8)
  2 jellies
  2 orc priests
  Crazy Yiuf (D:4)
  A soldier ant zombie (D:8)
  A gnoll shaman (D:7)
  6 orc wizards
  4 worker ants
  Natasha (twice) (D:5)
  Ijyb (D:6)
  A mummy (D:6)
  10 adders
  6 gnolls
  A steam dragon skeleton (D:6)
  2 giant mites (D:6)
  4 giant geckos
  3 oozes
  19 orcs
  11 bats
  9 giant cockroaches
  15 hobgoblins
  9 jackals
  4 quokkas
  A ball python (D:4)
  8 giant newts
  9 goblins
  A goblin skeleton (D:4)
  A jackal skeleton (D:8)
  12 kobolds
  An orc zombie (D:8)
  11 rats
  A rat skeleton (D:4)
  A rat zombie (D:6)
  5 fungi (D:4)
201 creatures vanquished.

Vanquished Creatures (collateral kills)
  3 yaks (D:8)
  A yak zombie (D:8)
  A goliath beetle (D:6)
  A crimson imp (D:8)
  A shadow imp (D:8)
  A kobold (D:8)
  An orc zombie (D:8)
9 creatures vanquished.

Grand Total: 210 creatures vanquished

Notes
Turn   | Place    | Note
--------------------------------------------------------------
     0 | D:1      | Patate, the Minotaur Berserker, began the quest for the Orb.
     0 | D:1      | Reached XP level 1. HP: 19/19 MP: 1/1
   128 | D:1      | Reached XP level 2. HP: 16/27 MP: 1/1
   738 | D:2      | Acquired Trog's second power
   821 | D:2      | Reached XP level 3. HP: 33/33 MP: 2/2
   831 | D:2      | Reached skill level 4 in Armour
  1050 | D:2      | Reached skill level 1 in Shields
  1108 | D:2      | Reached XP level 4. HP: 40/40 MP: 2/2
  1140 | D:2      | Found a shadowy altar of Dithmenos.
  1348 | D:3      | Reached skill level 5 in Armour
  1351 | D:3      | Reached XP level 5. HP: 16/46 MP: 2/2
  1792 | D:3      | Acquired Trog's third power
  1820 | D:3      | Noticed Grinder
  1822 | D:3      | Paralysed by Grinder for 4 turns
  1835 | D:3      | Killed Grinder
  1835 | D:3      | Reached skill level 6 in Armour
  1835 | D:3      | Reached skill level 5 in Shields
  1835 | D:3      | Reached XP level 6. HP: 12/52 MP: 3/3
  2502 | D:4      | Noticed Crazy Yiuf
  2512 | D:4      | Killed Crazy Yiuf
  2512 | D:4      | Reached XP level 7. HP: 56/58 MP: 3/3
  2625 | D:4      | Reached skill level 7 in Armour
  3295 | D:5      | Entered Level 5 of the Dungeon
  3385 | D:5      | Noticed Natasha
  3388 | D:5      | Killed Natasha
  3504 | D:5      | Found a glowing golden altar of the Shining One.
  3563 | D:5      | Found a staircase to the Ecumenical Temple.
  3604 | D:5      | Reached skill level 8 in Armour
  3609 | Temple   | Entered the Ecumenical Temple
  3982 | D:5      | Reached XP level 8. HP: 66/66 MP: 3/3
  4036 | D:5      | Noticed Natasha
  4039 | D:5      | Killed Natasha
  4698 | D:6      | Reached skill level 9 in Armour
  4782 | D:6      | Noticed Ijyb
  4789 | D:6      | Killed Ijyb
  4833 | D:6      | Found a shadowy altar of Dithmenos.
  4890 | D:6      | Noticed Eustachio
  4905 | D:6      | Killed Eustachio
  5146 | D:7      | Reached skill level 10 in Armour
  5393 | D:7      | Reached XP level 9. HP: 71/71 MP: 4/4
  5647 | D:7      | Noticed an ice statue
  5913 | D:7      | Reached skill level 10 in Shields
  5996 | D:7      | Found a glowing golden altar of the Shining One.
  6085 | D:8      | Found a bloodstained altar of Trog.
  6204 | D:8      | Noticed Dowan
  6204 | D:8      | Noticed Duvessa
  6440 | D:7      | Reached skill level 5 in Fighting
  6696 | D:8      | Killed Dowan
  6744 | D:8      | Killed Duvessa
  6744 | D:8      | Received a gift from Trog
  7092 | D:8      | Reached skill level 5 in Axes
  7496 | D:8      | Found an ancient bone altar of Kikubaaqudgha.
  7497 | D:8      | Noticed a centaur warrior
  7503 | D:8      | Killed a centaur warrior
  7503 | D:8      | Reached XP level 10. HP: 77/90 MP: 4/4
  7504 | D:8      | Found a glowing golden altar of the Shining One.
  7508 | D:8      | Noticed a black mamba
  7515 | D:8      | a black mamba changed into a boring beetle
  7528 | D:8      | Noticed a cyclops
  7528 | D:8      | a boring beetle changed into a cyclops
  7536 | D:8      | Slain by a cyclops (shapeshifter)

Action                   |  1- 3 |  4- 6 |  7- 9 | 10-12 || total
-------------------------+-------+-------+-------+-------++-------
Melee: Hand axe          |    74 |       |       |       ||    74
       War axe           |    26 |    97 |   458 |    12 ||   593
Invok: Berserk           |       |     3 |       |       ||     3
       Burn Spellbooks   |       |       |     1 |       ||     1
       Trog's Hand       |       |       |     3 |       ||     3
       Brothers in Arms  |       |       |     2 |     1 ||     3
  Use: Potion            |     4 |     1 |     2 |     1 ||     8
  Eat: Chunk             |       |     7 |    10 |       ||    17
       Beef jerky        |       |     1 |     1 |     1 ||     3
       Bread ration      |       |       |     1 |       ||     1
